 Dungeon Crawl Stone Soup version 0.26.1-11-gd32895ea62 (webtiles) character file.

Game seed: 3454252523292052844

50230 DearestLeader the Unseen (level 14, -3/66 HPs)
             Began as a Spriggan Enchanter on Apr 26, 2021.
             Was the Champion of Dithmenos.
             Slain by a death yak (27 damage)
             ... on level 6 of the Lair of Beasts on Apr 29, 2021.
             The game lasted 01:00:07 (23911 turns).

DearestLeader the Unseen (Spriggan Enchanter)      Turns: 23911, Time: 01:00:07

Health: -3/66      AC:  2    Str:  4    XL:     14   Next: 18%
Magic:  16/22      EV: 30    Int: 28    God:    Dithmenos [******]
Gold:   1187       SH:  0    Dex: 16    Spells: 11/23 levels left

rFire    + . .     SeeInvis +   n - +3 dagger (distort)
rCold    + + .     Faith    .   (shield restricted)
rNeg     . . .     Spirit   .   b - +0 robe
rPois    .         Reflect  .   (helmet restricted)
rElec    .         Harm     .   J - scarf {rC+ rF+}
rCorr    .         Rampage  .   (gloves unavailable)
Will     ++...                  (boots unavailable) Stlth **++++++++
                                (no amulet)
HPRegen  0.21/turn              v - ring of protection from cold
MPRegen  0.18/turn              O - +6 ring of intelligence

@: wreathed by umbra, very quick
A: very small, unfitting armour, see invisible, speed 3
a: Renounce Religion, Shadow Step, Shadow Form


You were on level 6 of the Lair of Beasts.
You worshipped Dithmenos.
Dithmenos was exalted by your worship.
You visited 2 branches of the dungeon, and saw 16 of its levels.

You collected 1187 gold pieces.

Inventory:

Hand Weapons
 n - a +3 dagger of distortion (weapon)
 G - a +4 hunting sling
Missiles
 s - 30 poisoned darts (quivered)
 H - 72 sling bullets
Armour
 b - a +0 robe (worn)
 y - a +0 cloak
 J - a scarf of resistance (worn)
Magical Staves
 P - an uncursed staff of conjuration {unknown}
Jewellery
 v - a ring of protection from cold (left hand)
 x - a cursed -4 ring of intelligence
 O - a +6 ring of intelligence (right hand)
Wands
 e - a wand of polymorph (6)
 o - a wand of random effects (9)
 B - a wand of disintegration (28)
 C - a wand of acid (19)
 D - a wand of flame (23)
 E - a wand of digging (9)
 F - a wand of enslavement (6)
Scrolls
 a - a scroll of brand weapon
 d - 2 scrolls of immolation
 g - 11 scrolls of remove curse
 h - 6 scrolls of teleportation
 i - 7 scrolls of amnesia
 k - 4 scrolls of enchant armour
 l - 5 scrolls of magic mapping
 p - 5 scrolls of fear
 q - 3 scrolls of vulnerability
 t - 5 scrolls of blinking
 I - a scroll of holy word {unknown}
 L - a scroll of summoning {unknown}
 N - a scroll of silence {unknown}
Potions
 c - 3 potions of heal wounds
 f - 2 potions of ambrosia {unknown}
 j - 10 potions of curing
 m - 3 potions of flight
 r - 2 potions of attraction
 u - 2 potions of berserk rage {unknown}
 w - 4 potions of haste {unknown}
 z - 3 potions of resistance
 M - a potion of mutation {unknown}
Miscellaneous
 A - a lightning rod (4/4)


   Skills:
 - Level 4.0 Fighting
 - Level 10.0 Short Blades
 + Level 14.6 Dodging
 + Level 17.2 Stealth
 - Level 5.0 Spellcasting
 * Level 16.5 Hexes
 + Level 8.1 Invocations


You had 11 spell levels left.
You knew the following spells:

 Your Spells              Type           Power        Failure   Level
a - Corona                Hex            87%          0%          1
b - Ensorcelled Hibernat  Hex/Ice        100%         1%          2
c - Confusing Touch       Hex            79%          1%          3
d - Dazzling Flash        Conj/Hex       100%         1%          3
e - Tukima's Dance        Hex            79%          1%          3

Your spell library contained the following spells:

 Spells                   Type           Power        Failure   Level
 Animate Skeleton         Necr           14%          7%          1
 Apportation              Tloc           14%          7%          1
 Summon Small Mammal      Summ           28%          7%          1


Dungeon Overview and Level Annotations

Branches:
Dungeon (10/15)            Temple (0/1) D:6            Lair (6/6) D:10
  Swamp (0/4) Lair:2        Snake (0/4) Lair:3        Slime (0/5) Lair:6
    Orc (0/2) D:9

Altars:
Cheibriados
Dithmenos
Elyvilon
Fedhas
Hepliaklqana
Nemelex Xobeh
Okawaru
Trog
Uskayaw
Vehumet
Wu Jian
Yredelemnul
Zin

Shops:
D:9 (

Portals:
Abyss: Lair:2

Annotations:
D:10 2 transporters, grovkorv's ghost, journeyman MiGl
Lair:1 1 runed translucent door
Lair:2 2 transporters, Hank's ghost, journeyman MiCK


Innate Abilities, Weirdness & Mutations

You are very small and have problems with some larger weapons.
You are too small for most types of armour.
You have supernaturally acute eyesight. (SInv)
You cover ground extremely quickly.


Message History

The dire elephant resists with almost no effort.
Throw: 31 darts (poison)
Press: ? - help, Q - select action, (/) - cycle Shift-Dir - straight line, f/p - dire elephant
Aim: a dire elephant (lightly wounded, very poisoned, umbra, 90% to hit)
You throw a poisoned dart.
The poisoned dart hits the dire elephant.
The dire elephant looks even sicker.
The dire elephant is lightly wounded.
Casting: Ensorcelled Hibernation (safe; 1% risk of failure)
Confirm with . or Enter, or press ? or * to list all spells.
Aiming: Ensorcelled Hibernation (safe; 1% risk of failure)
Press: ? - help, Shift-Dir - straight line, f/p - dire elephant
Aim: a dire elephant (lightly wounded, very poisoned, umbra, chance to affect: 11%)
The dire elephant resists with almost no effort.
Your shadow mimicks your spell!
The dire elephant resists with almost no effort.
Casting: Ensorcelled Hibernation (safe; 1% risk of failure)
Confirm with . or Enter, or press ? or * to list all spells.
The death yak gores you!!
You die...

≈≈≈.....##.####### #.#.........##
≈≈≈.....###..##P.###.^.........#.
≈≈≈.....####......##.............
≈≈....##.###......#..............
≈......#.##.....##.........^.....
...###....#....##PP...#P..#..#..P
...##.......###.#.....#....##..P.
...##..P.....##.#..........###P..
.###........P#.Y@..P........###..
###..P........Y.####........##...
#.......P......## ##.P......P###.
.P.....P(Y.##..## #.#...P#.......
........P.####..###.#.#..........
...........###.#.#.....####......
#.....P.#####....#.....#####...##
##♣....##.# #........#..##....P.#
#....##.####......)..#..........


You could see a dire elephant (very poisoned) and 2 death yaks.

Vanquished Creatures
  2 boulder beetles
  10 hydras
  2 catoblepae
  A two-headed ogre (D:8)
  5 death yaks (Lair:6)
  A deep troll shaman (Lair:6)
  A fire crab (Lair:6)
  A bog body (Lair:2)
  Pikel (D:9)
  An oklob plant (Lair:6)
  17 elephants
  2 manticores (D:10)
  7 black mambas
  Joseph (D:9)
  A torpor snail (Lair:3)
  9 cane toads
  A rime drake (Lair:6)
  12 komodo dragons
  A troll (D:10)
  4 polar bears
  19 blink frogs
  A hornet (D:9)
  28 yaks
  2 wyverns
  6 basilisks
  A wraith (D:10)
  2 humans (D:9)
  Grum (D:9)
  2 nagas (Lair:3)
  3 swamp worms (Lair:3)
  6 water moccasins
  3 orc warriors
  2 ice beasts
  3 black bears
  2 necrophages
  20 wolves
  9 centaurs
  5 ogres
  12 bullfrogs
  Blork the orc (D:7)
  A gnoll sergeant (D:7)
  2 killer bees (D:9)
  8 wights
  2 electric eels (D:10)
  4 lava snakes (Lair:5)
  Crazy Yiuf (D:7)
  7 orc priests
  3 jellies (Lair:6)
  9 hounds
  A centaur skeleton (D:10)
  10 orc wizards
  3 iguanas
  6 worker ants
  5 hell rats (Lair:2)
  A howler monkey zombie (D:7)
  11 adders
  A gnoll (D:1)
  A shadow imp (D:10)
  4 white imps
  3 ufetubi
  6 oozes
  5 adder skeletons
  An adder zombie (D:6)
  3 worms
  3 dart slugs
  6 leopard geckos
  52 orcs
  4 ball pythons
  7 giant cockroaches
  3 goblins
  7 hobgoblins
  4 jackals
  8 quokkas
  8 bats
  3 frilled lizards
  A giant cockroach zombie (D:5)
  A jackal skeleton (D:4)
  16 kobolds
  6 rats
  A spectral orc (D:4)
436 creatures vanquished.

Vanquished Creatures (others)
  A death yak (Lair:6)
  44 fungi
  48 plants
  10 toadstools (Lair:1)
103 creatures vanquished.

Grand Total: 539 creatures vanquished

Notes
Turn   | Place    | Note
-------+----------+-------------------------------------------
     0 | D:1      | DearestLeader the Spriggan Enchanter began the quest for
                  | the Orb.
     0 | D:1      | Reached XP level 1. HP: 9/9 MP: 5/5
   367 | D:1      | Reached XP level 2. HP: 13/13 MP: 6/6
   370 | D:1      | Learned a level 2 spell: Ensorcelled Hibernation
  1046 | D:1      | Reached skill level 5 in Stealth
  1046 | D:1      | Reached XP level 3. HP: 14/16 MP: 0/8
  1050 | D:1      | Learned a level 3 spell: Confusing Touch
  1404 | D:2      | Found a shadowy altar of Dithmenos.
  1409 | D:2      | Became a worshipper of Dithmenos the Shadowed
  1996 | D:2      | Reached XP level 4. HP: 19/21 MP: 0/9
  2672 | D:3      | Reached * piety under Dithmenos
  2956 | D:3      | Found a blossoming altar of Fedhas.
  3080 | D:3      | Reached XP level 5. HP: 24/24 MP: 7/10
  3175 | D:3      | Noticed an orc warrior
  3388 | D:3      | Reached skill level 6 in Stealth
  3403 | D:3      | Killed an orc warrior
  3404 | D:3      | Reached skill level 5 in Hexes
  3404 | D:3      | Reached XP level 6. HP: 25/28 MP: 3/11
  3470 | D:3      | Learned a level 3 spell: Dazzling Flash
  3895 | D:3      | Reached skill level 5 in Short Blades
  4225 | D:4      | Reached skill level 7 in Stealth
  5367 | D:4      | Reached XP level 7. HP: 13/32 MP: 4/12
  5566 | D:4      | Found a basalt altar of Yredelemnul.
  5665 | D:4      | Reached ** piety under Dithmenos
  6230 | D:5      | Entered Level 5 of the Dungeon
  6240 | D:5      | Found a hide-covered altar of Uskayaw.
  6271 | D:5      | Reached skill level 8 in Stealth
  6447 | D:5      | Found a bloodstained altar of Trog.
  6778 | D:5      | Found a radiant altar of Vehumet.
  7597 | D:6      | Reached XP level 8. HP: 36/36 MP: 13/13
  7695 | D:6      | Reached skill level 9 in Stealth
  7927 | D:6      | Found a staircase to the Ecumenical Temple.
  8859 | D:6      | Reached *** piety under Dithmenos
  9210 | D:6      | Reached skill level 10 in Stealth
  9664 | D:7      | Found the +8 demon blade "Leech" {vamp, *Rage +Rage rN+}
  9664 | D:7      | Noticed Blork the orc
  9683 | D:7      | Reached XP level 9. HP: 27/39 MP: 7/14
  9965 | D:7      | Found a white marble altar of Elyvilon.
  9966 | D:7      | Found a snail-covered altar of Cheibriados.
 10466 | D:7      | Killed Blork the orc
 10564 | D:7      | Found a hazy altar of Hepliaklqana.
 10719 | D:7      | Reached skill level 5 in Dodging
 10779 | D:7      | Found a runed translucent door.
 10780 | D:7      | Noticed Crazy Yiuf
 10787 | D:7      | Killed Crazy Yiuf
 11171 | D:8      | Noticed a two-headed ogre
 11173 | D:8      | Killed a two-headed ogre
 11174 | D:8      | Reached skill level 10 in Short Blades
 11174 | D:8      | Reached skill level 11 in Stealth
 11196 | D:8      | You fall into a shaft and drop 1 floor!
 11271 | D:9      | Found Sosoopp's Antique Weapon Shoppe.
 11333 | D:9      | Noticed Pikel
 11345 | D:9      | Killed Pikel
 11346 | D:9      | Reached XP level 10. HP: 44/44 MP: 10/15
 11397 | D:9      | Noticed Grum
 11405 | D:9      | Killed Grum
 11450 | D:9      | Reached skill level 12 in Stealth
 11455 | D:9      | Reached **** piety under Dithmenos
 11843 | D:9      | Found an iron altar of Okawaru.
 11952 | D:9      | Learned a level 3 spell: Tukima's Dance
 11987 | D:9      | Found an iron altar of Okawaru.
 11992 | D:9      | Noticed Joseph
 12003 | D:9      | Killed Joseph
 12004 | D:9      | Reached skill level 10 in Hexes
 12104 | D:9      | Found a staircase to the Orcish Mines.
 12154 | D:9      | Found a glowing silver altar of Zin.
 12260 | D:9      | Found a sparkling altar of Nemelex Xobeh.
 12528 | D:10     | Entered Level 10 of the Dungeon
 12568 | D:10     | Found a staircase to the Lair.
 12882 | D:10     | Noticed a manticore
 12889 | D:10     | Killed a manticore
 12890 | D:10     | Reached skill level 10 in Dodging
 12890 | D:10     | Reached skill level 13 in Stealth
 13286 | D:10     | Reached ***** piety under Dithmenos
 13413 | D:10     | Found a transporter.
 13413 | D:10     | Found a transporter.
 13418 | D:10     | Found a bloodstained altar of Trog.
 13418 | D:10     | Noticed grovkorv's ghost (journeyman MiGl)
 13418 | D:10     | Noticed a moth of wrath
 13418 | D:10     | Noticed a two-headed ogre
 13419 | D:10     | Identified the +1 dire flail of the Augurer {antimagic,
                  | Str+6}
 13419 | D:10     | Noticed a tengu warrior
 13443 | D:10     | Noticed a two-headed ogre
 13492 | D:10     | Noticed a manticore
 13500 | D:10     | Killed a manticore
 13501 | D:10     | Reached XP level 11. HP: 47/47 MP: 14/19
 13562 | D:10     | Reached skill level 1 in Invocations
 13818 | Lair:1   | Entered Level 1 of the Lair of Beasts
 13831 | Lair:1   | Reached skill level 5 in Spellcasting
 14536 | Lair:1   | Reached skill level 14 in Stealth
 14747 | Lair:1   | Noticed a five-headed hydra
 14750 | Lair:1   | Killed a five-headed hydra
 15135 | Lair:1   | Noticed a four-headed hydra
 15149 | Lair:1   | Killed a four-headed hydra
 15150 | Lair:1   | Reached XP level 12. HP: 51/51 MP: 10/20
 15414 | Lair:1   | Noticed a catoblepas
 15710 | Lair:1   | Found a runed translucent door.
 15965 | Lair:2   | Found a one-way gate to the infinite horrors of the Abyss.
 15965 | Lair:2   | Noticed Hank's ghost (journeyman MiCK)
 15973 | Lair:2   | Found a transporter.
 15995 | Lair:2   | Found an ornate altar of the Wu Jian Council.
 15995 | Lair:2   | Found a hide-covered altar of Uskayaw.
 15995 | Lair:2   | Noticed a boulder beetle
 16002 | Lair:2   | Killed a boulder beetle
 16003 | Lair:2   | Reached skill level 1 in Fighting
 16046 | Lair:2   | Found a transporter.
 16133 | Lair:2   | Found a staircase to the Swamp.
 16346 | Lair:2   | Noticed a rakshasa
 16350 | Lair:2   | Identified the +4 trident "Moschaona" {distort, rElec rF+
                  | rC-}
 16375 | Lair:2   | Reached skill level 5 in Invocations
 16381 | Lair:2   | Reached skill level 15 in Stealth
 17157 | Lair:3   | Found a staircase to the Snake Pit.
 18628 | Lair:4   | Reached XP level 13. HP: 60/60 MP: 13/21
 18792 | Lair:4   | Found a hide-covered altar of Uskayaw.
 19194 | Lair:4   | Reached ****** piety under Dithmenos
 20000 | Lair:5   | Reached skill level 16 in Stealth
 20087 | Lair:5   | Reached skill level 15 in Hexes
 20955 | Lair:6   | Entered Level 6 of the Lair of Beasts
 21592 | Lair:6   | Found a staircase to the Slime Pits.
 22264 | Lair:6   | Reached XP level 14. HP: 66/66 MP: 12/22
 22569 | Lair:6   | Reached skill level 17 in Stealth
 23911 | Lair:6   | Slain by a death yak

Illustrated notes

Levels and vault maps discovered:
D:1:      roderic_octagonal_star, layout_loops_ring,
          wander_ebering_terrifying_dragon_lair
D:2:      layout_rooms, lemuel_crystal_altar
D:3:      layout_loops_ring, fedhas_altar_1, st_stairs_8
D:4:      layout_cave_pods, yredelemnul_forgotten_temple_becter, hex_large,
          hex_tiny, st_stairs_7
D:5:      layout_layer_cave, bloody_trog, old_standard_altar,
          eat_drink_and_be_merry_uskayaw, grunt_ministairs_15
D:6:      layout_loops_corners, minmay_temple_entry_gardened_gates
D:7:      layout_loops_corners, grunt_temple_overflow_open,
          nzn_hepliaklqana_mist_gate, sword_in_stone, uniq_crazy_yiuf_cottage
D:8:      layout_cave_pools, serial_shops, nicolae_shop_statue_plus
D:9:      layout_roguey, marbit_many_paths, nemelex_xobeh_ov_fountains_minmay,
          lemuel_doored_altar, orc_0_dummy, serial_shops, kennysheep_mini_moat,
          okawaru_humans, uniq_joseph, uniq_pikel, uniq_grum
D:10:     layout_cave_pools, erik_lair_island, gammafunk_ghost_wrathful_warriors
Lair:1:   gammafunk_lair_enchanted_lake, layout_long_grid,
          minmay_stone_trees_small, grunt_megastairs_4, lemuel_fruit_fields
Lair:2:   layout_regular_city, skrybe_swamp_entry_bodies,
          gammafunk_ghost_abyssal_escape, nzn_masters_of_martial_movement
Lair:3:   layout_cave_pods, minmay_snake_entry_guardpost_small, worms_lemuel,
          lemuel_fruit_tree
Lair:4:   layout_cave_pods, basic_altar, lemuel_fruit_fields
Lair:5:   cheibrodos_magma_flow, layout_layer_cave
Lair:6:   grunt_lair_end_beastmaster, layout_layer_cave,
          nicolae_slime_entry_slimehenge, infiniplex_staircase_pool

Skill      XL: |  1  2  3  4  5  6  7  8  9 10 11 12 13 14 |
---------------+-------------------------------------------+-----
Short Blades   | 2 3 4 6 7 9 10 | 10.0
Stealth        | 5 6 7 8 10 11 13 14 15 16 17 | 17.2
Hexes          | 4 5 6 7 8 11 13 14 16 | 16.5
Dodging        | 4 8 10 11 13 14 | 14.6
Spellcasting   | 3 4 5 |  5.0
Invocations    | 4 6 7 8 |  8.1
Fighting       | 3 4 |  4.0

Action                   |  1- 3 |  4- 6 |  7- 9 | 10-12 | 13-15 || total
-------------------------+-------+-------+-------+-------+-------++-------
Melee: Dagger            |   141 |   205 |   215 |   318 |   201 ||  1080
Throw: Dart              |       |       |       |    24 |     9 ||    33
 Cast: Corona            |     5 |     3 |     1 |       |       ||     9
       Ensorcelled Hiber |    19 |    66 |    41 |   127 |    91 ||   344
       Confusing Touch   |       |     2 |    10 |    10 |     9 ||    31
       Dazzling Flash    |       |     1 |     2 |    16 |    11 ||    30
       Tukima's Dance    |       |       |       |     3 |       ||     3
Evoke: Wand              |       |       |       |     1 |       ||     1
  Use: Scroll            |       |     9 |     6 |     6 |     3 ||    24
       Potion            |       |       |       |     1 |       ||     1
 Stab: Sleeping          |    18 |    34 |    45 |   123 |    59 ||   279
       Confused          |       |     1 |     4 |     8 |     4 ||    17
       Invisible         |       |       |     3 |    11 |     8 ||    22
       Distracted        |       |       |     2 |     3 |     4 ||     9
       Petrified         |       |       |       |       |     5 ||     5
Armor: Robe              |    14 |    11 |     6 |     5 |     5 ||    41
Dodge: Dodged            |   123 |   185 |    98 |   257 |   173 ||   836
